 Dungeon Crawl Stone Soup version 0.21.0-3-g78d12a8 (webtiles) character file.

49 zxpr0jk the Chiller (level 3, 0/39 HPs)
             Began as a Draconian Ice Elementalist on Jan 15, 2018.
             Slain by a bullfrog zombie (1 damage)
             ... on level 2 of the Dungeon.
             The game lasted 00:04:08 (1313 turns).

zxpr0jk the Chiller (Draconian Ice Elementalist)    Turns: 1313, Time: 00:04:08

Health: 0/39       AC: 21    Str: 10    XL:     3   Next: 51%
Magic:  4/6        EV:  2    Int: 15    God:
Gold:   102        SH:  0    Dex: 12    Spells: 6/7 levels left

rFire    . . .     SeeInvis .   i - +0 spear
rCold    . . .     Gourm    .   (no shield)
rNeg     + + +     Faith    .   (armour unavailable)
rPois    +         Spirit   .   (helmet currently unavailable)
rElec    .         Reflect  .   (cloak currently unavailable)
rCorr    +         Harm     .   (gloves currently unavailable)
MR       .....     NoTele   +   (boots currently unavailable)
Stlth    ++........             (no amulet)
HPRegen  0.13/turn              m - ring of resist corrosion
MPRegen  0.10/turn              (no ring)

@: tree-form, very slightly contaminated
A: unfitting armour, AC +5
a: no special abilities


You were on level 2 of the Dungeon.
You were hungry.
You were a tree.
You visited 1 branch of the dungeon, and saw 2 of its levels.

You collected 102 gold pieces.

Inventory:

Hand Weapons
 i - a +0 spear (weapon)
Missiles
 f - 61 stones (quivered)
Armour
 j - a +0 hat (melded)
Jewellery
 m - a ring of resist corrosion (left branch)
Scrolls
 c - a scroll of enchant weapon {unknown}
 d - a scroll of enchant armour {unknown}
 g - a scroll of remove curse {unknown}
 k - a scroll of fear {unknown}
 l - a scroll of magic mapping {unknown}
 n - a scroll of identify {unknown}
Potions
 h - a potion of degeneration {unknown}
Books
 a - a book of Frost

   Spells                             Type                      Level
   a - Freeze                         Ice                          1
   b - Throw Frost                    Conjuration/Ice              2
   c - Ozocubu's Armour               Charms/Ice                   3
   d - Throw Icicle                   Conjuration/Ice              4
   e - Summon Ice Beast               Ice/Summoning                4
Comestibles
 b - 3 rations


   Skills:
 - Level 1.7 Dodging
 - Level 1.7 Stealth
 + Level 2.6 Spellcasting
   Level 1.0 Conjurations
 * Level 4.1 Ice Magic


You had 6 spell levels left.
You knew the following spells:

 Your Spells              Type           Power        Failure   Level  Hunger
a - Freeze                Ice            ##..         3%          1    #......


Dungeon Overview and Level Annotations

Branches:
Dungeon (2/15)

Altars:


Innate Abilities, Weirdness & Mutations

((Your plain brown scales are hard. (AC +5)))
You cannot fit into any form of body armour.
((You are cold-blooded and may be slowed by cold attacks.))


Message History

You miscast Freeze.
You are very lightly contaminated with residual magic.
Nothing appears to happen.
The bullfrog zombie completely misses you.
You hit the bullfrog zombie.
The bullfrog zombie is lightly damaged.
The bullfrog zombie barely misses you. x2
You hit the bullfrog zombie.
The bullfrog zombie is moderately damaged.
The bullfrog zombie hits you but does no damage.
You closely miss the bullfrog zombie.
The bullfrog zombie is moderately damaged.
The bullfrog zombie hits you.
* * * LOW HITPOINT WARNING * * *
The bullfrog zombie hits you.
* * * LOW HITPOINT WARNING * * *
It was a potion of lignification.
You turn into a tree.
Your +0 hat melds into your body.
Your roots penetrate the ground.
The bullfrog zombie hits you.
You die...

#.# #.# #.# #.######## #..........
##### #####..####### ...#
#.........#####
#.#####.###..##.##... #.
#.Z♣......#..##.##.## #.# ###
#.#####.#.#..##.##.# #.# ##.###.#
#......##.##.## ##.###.#.##.#
#########.#...# #...........####
#......
#####..#.##........##########......
#...#..##.#.#.#.##.................
#...Z........##......########.)....
#...#..###.........#.# #......


You could see a bullfrog zombie.

Vanquished Creatures
  A gnoll (D:1)
  2 adders (D:2)
  A ball python (D:1)
  A bat (D:1)
  2 goblins
  4 hobgoblins
  A frilled lizard (D:1)
  4 kobolds
  8 rats (D:1)
24 creatures vanquished.

Notes
Turn   | Place    | Note
-------+----------+-------------------------------------------
     0 | D:1      | zxpr0jk the Draconian Ice Elementalist began the quest for the Orb.
     0 | D:1      | Reached XP level 1. HP: 14/14 MP: 3/3
   500 | D:1      | Reached XP level 2. HP: 18/20 MP: 5/5
   930 | D:2      | Reached XP level 3. HP: 19/26 MP: 4/6
  1110 | D:2      | Reached skill level 4 in Ice Magic
  1312 | D:2      | HP: 1/26 [bullfrog zombie (2)]
  1313 | D:2      | Slain by a bullfrog zombie

Skill      XL: |  1  2  3 |
---------------+----------+-----
Ice Magic      | 4 |  4.1
Dodging        | |  1.7
Stealth        | |  1.7
Spellcasting   | |  2.6
Conjurations   | |  1.0

Action                   || total
-------------------------++-------
Melee: Spear             ||    81
Throw: Stone             ||    49
 Cast: Freeze            ||    16
  Use: Potion            ||     1
 Stab: Sleeping          ||     4
  Eat: Chunk             ||     1
Armor: Skin              ||    25
Dodge: Dodged            ||    45
